 Dungeon Crawl Stone Soup version 0.17.2-1-ge4368a0 (webtiles) character file.

1726108 magipi the Gracecrafter (level 27, 265/265 HPs)
             Began as a Deep Dwarf Hunter on Oct 31, 2017.
             Was the Champion of Makhleb.
             Escaped with the Orb
             ... and 3 runes on Nov 1, 2017!
             The game lasted 07:31:50 (71461 turns).

magipi the Gracecrafter (Deep Dwarf Hunter)        Turns: 71461, Time: 07:31:50

Health: 265/265    AC: 36    Str: 25    XL:     27
Magic:  14/14      EV: 13    Int: 18    God:    Makhleb [******]
Gold:   7091       SH:  2    Dex: 17    Spells: 4 memorised, 43 levels left

rFire  + . .     SeeInvis +     b - +9 arbalest "Plog" {velocity, *Corrode rN++ Int+5}
rCold  + . .     Clarity  .     Y - +5 gold dragon armour
rNeg   + + +     SustAt   .     (shield currently unavailable)
rPois  +         Gourm    .     W - +0 mask of the Dragon {MR+ Slay+3 SInv}
rElec  .         Spirit   .     I - +2 cloak of the Thief {+Fog Slay-2 SInv Stlth+}
rCorr  +         Warding  .     c - +2 pair of gloves
rMut   .         Stasis   .     d - +2 pair of boots of Fun and Games {rCorr MP+9 Dex-5}
MR     +++++                    y - amulet of rage
Stlth  ..........               s - +5 ring of slaying
                                T - ring "Alysh" {EV+1 Str+6}

@: very slightly contaminated, non-regenerating, repel missiles, almost entirely
resistant to hostile enchantments, extremely unstealthy
A: damage resistance, recharge devices, large bone plates 1, negative energy
resistance 1, sense surroundings 3, slow regeneration 3
a: Device Recharging, Minor Destruction, Lesser Servant of Makhleb, Major
Destruction, Greater Servant of Makhleb, Renounce Religion, Evoke Fog, Evoke
Berserk Rage
0: Orb of Zot
}: 3/15 runes: decaying, silver, gossamer


You escaped.
You worshipped Makhleb.
Makhleb was exalted by your worship.
You were not hungry.

You visited 9 branches of the dungeon, and saw 53 of its levels.
You visited 1 bazaar.
You also visited: Labyrinth, Trove and Sewer.

You collected 8628 gold pieces.
You spent 1537 gold pieces at shops.

Inventory:

Hand Weapons
 a - a +4 war axe of electrocution
   (You took it off Harold on level 1 of the Lair of Beasts)
 b - the +9 arbalest "Plog" (weapon) {velocity, *Corrode rN++ Int+5}
   (You bought it in a shop on level 3 of the Vaults)

   Any bolt fired from it inflicts extra damage.
   It affects your intelligence (+5).
   It greatly protects you from negative energy.
   It may corrode your equipment when you take damage.
Missiles
 z - 21 silver bolts
 G - 32 bolts of penetration
 N - 930 bolts (quivered)
 U - 4 throwing nets
Armour
 c - a +2 pair of gloves (worn)
   (You found it on level 4 of the Spider Nest)
 d - the +2 pair of boots of Fun and Games (worn) {rCorr MP+9 Dex-5}
   (You found it on level 4 of the Swamp)

   It affects your dexterity (-5).
   It affects your magic capacity (+9).
   It protects you from acid and corrosion.
 I - the +2 cloak of the Thief (worn) {+Fog Slay-2 SInv Stlth+}
   (You found it on level 3 of the Elven Halls)

   It affects your accuracy and damage with ranged weapons and melee attacks
   (-2).
   It lets you see invisible.
   It can be evoked to emit clouds of fog.
   It makes you more stealthy.
 W - the +0 mask of the Dragon (worn) {MR+ Slay+3 SInv}
   (You found it in a labyrinth)

   It affects your accuracy and damage with ranged weapons and melee attacks
   (+3).
   It affects your resistance to hostile enchantments.
   It lets you see invisible.
 Y - a +5 gold dragon armour (worn)
   (You found it on level 1 of the Realm of Zot)
Rods
 w - a +4 rod of shadows (14/14)
   (You found it on level 8 of the Lair of Beasts)
Jewellery
 k - an uncursed ring of fire
   (You found it on level 1 of the Dungeon)
 s - a +5 ring of slaying (right hand)
   (You found it in a labyrinth)
 y - an amulet of rage (around neck)
   (You found it on level 3 of the Dungeon)
 E - the ring of Lolixits {rElec Str-4 Int+2 SInv}
   (You took it off a big kobold on level 14 of the Dungeon)

   [ring of see invisible]

   It affects your strength (-4).
   It affects your intelligence (+2).
   It insulates you from electricity.
   It lets you see invisible.
 T - the ring "Alysh" (left hand) {EV+1 Str+6}
   (You found it on level 3 of the Depths)

   [ring of evasion]

   It affects your evasion (+1).
   It affects your strength (+6).
Wands
 e - a wand of heal wounds (2)
 m - a wand of paralysis (11)
   (You found it on level 4 of the Swamp)
 o - a wand of teleportation (3)
   (You took it off Maurice on level 11 of the Dungeon)
 p - a wand of digging (14)
   (You found it on level 5 of the Realm of Zot)
 q - a wand of polymorph (15)
   (You found it on level 3 of the Spider Nest)
 x - a wand of heal wounds (4)
   (You found it in a treasure trove)
 D - a wand of disintegration (12)
   (You found it on level 2 of the Depths)
 K - a wand of fireball (10)
   (You found it on level 4 of the Lair of Beasts)
 S - a wand of teleportation (4)
   (You found it on level 4 of the Vaults)
 V - a wand of digging (0)
   (You found it on level 2 of the Elven Halls)
 Z - a wand of hasting (2)
   (You found it in a treasure trove)
Scrolls
 i - 5 scrolls of blinking
 j - 6 scrolls of identify
 l - 28 scrolls of remove curse
 F - 9 scrolls of fear
 L - 9 scrolls of fog
 M - 5 scrolls of magic mapping
 O - 18 scrolls of teleportation
Potions
 f - 7 potions of invisibility
 n - 5 potions of resistance
 A - 6 potions of berserk rage
 B - 5 potions of agility
 C - 5 potions of curing
 H - 2 potions of might
 P - a potion of cure mutation
 Q - 3 potions of cancellation
 R - 3 potions of heal wounds
Miscellaneous
 g - a lamp of fire
   (You found it on level 3 of the Elven Halls)
Comestibles
 h - 11 bread rations
 v - 11 meat rations


   Skills:
 + Level 19.1 Fighting
 - Level 16.0 Axes
 - Level 18.4 Crossbows
 - Level 12.5 Armour
 - Level 12.6 Dodging
 - Level 1.2 Stealth
 + Level 14.1 Spellcasting
 - Level 23.0 Charms
 - Level 15.0 Translocations
 - Level 7.0 Air Magic
 - Level 13.1 Invocations
 - Level 15.0 Evocations


You had 43 spell levels left.
You knew the following spells:

 Your Spells              Type           Power        Failure   Level  Hunger
a - Apportation           Tloc           ######....   1%          1    None
b - Blink                 Tloc           N/A          1%          2    None
m - Repel Missiles        Chrm/Air       ######       1%          2    None
H - Haste                 Chrm           #######.     2%          6    #####..


Dungeon Overview and Level Annotations

Branches:
Dungeon (15/15)            Temple (0/1) D:6            Lair (8/8) D:10
  Swamp (4/4) Lair:3       Spider (4/4) Lair:6        Slime (0/6) Lair:7
    Orc (4/4) D:9             Elf (3/3) Orc:3        Vaults (5/5) D:14
  Crypt (0/3) Vaults:2     Depths (5/5) D:15            Zot (5/5) Depths:5

Altars:
Ashenzari
Dithmenos
Gozag
Makhleb
Nemelex Xobeh
Qazlal
Sif Muna
Trog
Zin

Shops:
D:8 %   D:14 [   Orc:2 (   Orc:4 *[%%   Elf:3 [   Vaults:3 (   Vaults:5 [
Depths:3 (

Portals:
Hell: Depths:1 Depths:3 Depths:4 Depths:5
Abyss: Depths:3 Depths:4
Pandemonium: Depths:2 Depths:3
Ziggurat: Depths:3

Annotations:
D:9 dig
Elf:2 3 runed doors
Zot:5 1 exclusion


Innate Abilities, Weirdness & Mutations

You are resistant to damage.
You can recharge devices by infusing magical energy.
You resist negative energy.
You passively map a large area around you.
You do not regenerate naturally.
You are partially covered in large bone plates (AC +2, SH +2).


Message History

You shoot a bolt.
The bolt hits the soul eater but does no damage.
Firing (i - inventory. (,) - cycle):
N - 938 bolts (quivered)
Press: ? - help, Shift-Dir - straight line, f/p - soul eater
Aim: a soul eater You shoot a bolt.
The bolt hits the soul eater!
The soul eater is lightly wounded.
Firing (i - inventory. (,) - cycle):
N - 937 bolts (quivered)
Press: ? - help, Shift-Dir - straight line, f/p - soul eater
Aim: a soul eater (lightly wounded)
You shoot a bolt. The bolt hits the soul eater!!
The soul eater is severely wounded.
Firing (i - inventory. (,) - cycle):
N - 936 bolts (quivered)
Press: ? - help, Shift-Dir - straight line, f/p - soul eater
Aim: a soul eater (severely wounded)
You shoot a bolt. The bolt hits the soul eater!
You kill the soul eater!
Makhleb accepts your kill.
A green death comes into view.
Things that are here:
a robe; a dagger The green death gestures at you.
The poison arrow misses you.
There is a stone staircase leading up here.
Firing (i - inventory. (,) - cycle):
N - 935 bolts (quivered)
Press: ? - help, Shift-Dir - straight line, f - green death
Aim: a green death You shoot a bolt.
The bolt barely misses the green death.
The green death gestures at you. The blast of poison misses you.
Firing (i - inventory. (,) - cycle):
N - 934 bolts (quivered)
Press: ? - help, Shift-Dir - straight line, f/p - green death
Aim: a green death You shoot a bolt.
The bolt hits the green death!!
The green death is moderately wounded.
The green death gestures at you. The blast of poison engulfs you!
You are poisoned.
You resist.
Firing (i - inventory. (,) - cycle):
N - 933 bolts (quivered)
Press: ? - help, Shift-Dir - straight line, f/p - green death
Aim: a green death (moderately wounded)
You shoot a bolt.
The bolt completely misses the green death.
Firing (i - inventory. (,) - cycle):
N - 932 bolts (quivered)
Press: ? - help, Shift-Dir - straight line, f/p - green death
Aim: a green death (moderately wounded)
You shoot a bolt. The bolt hits the green death!!
The green death is severely wounded.
The green death hits you but does no damage.
Firing (i - inventory. (,) - cycle):
N - 931 bolts (quivered)
Press: ? - help, Shift-Dir - straight line, f/p - green death
Aim: a green death (severely wounded)
You shoot a bolt. The bolt hits the green death!!!
You kill the green death!
Makhleb accepts your kill.
No target in view!
You climb upwards.
There is a stone staircase leading down here.
(D) Dungeon (T) Temple (L) Lair (S) Swamp (N) Spider Nest (M) Slime Pits (O) Orcish Mines (E) Elven Halls (V) Vaults (C) Crypt (U) Depths (H) Hell (Z) Zot
Where to? (Enter - D:1 @ (x,y), ? - help)
There is an escape hatch in the ceiling here.
A mysterious force pulls you upwards. The hatch slams shut behind you.
You are no longer poisoned.
There is a stone staircase leading up here.
You climb upwards.
There is a stone staircase leading down here.
There is a stone staircase leading up here.
You climb upwards.
There is a stone staircase leading down here.
You see here a ring mail.
There is a stone staircase leading up here.
You climb upwards.
There is a stone staircase leading down here.
There is a stone staircase leading up here.
You climb upwards.
There is a stone staircase leading down here.
There is a stone staircase leading up here.
You climb upwards.
There is a stone staircase leading down here.
There is an open door here.
A goblin comes into view. It is wielding a club.
Firing (i - inventory. (,) - cycle):
N - 930 bolts (quivered)
Press: ? - help, Shift-Dir - straight line, f - goblin
Aim: a goblin, wielding a club (hasn't noticed you)
You shoot a bolt. The bolt hits the goblin!!!
You kill the goblin!
Makhleb accepts your kill.
N - 930 bolts (gained 1)
Things that are here:
a club; 16 stones; a goblin corpse
There is an open door here.
There is an open door here.
There is a staircase leading out of the dungeon here.
Read which item? (? for menu, Esc to quit)
Okay, then.
You have escaped!

....#..)##................##)....
#####...##..#########...#.##.###.
# #...#..## , ##....##.###. #
#.....## ####### ##......†... #
#....##,##...#.# ##..##.###. #
#)...#.##)'####.# #..##..... #
#....#.#.##.#.## #.#######.
#####....#.#.#.###.# * #.....# #.
.........#.#.#.#@#.# *#....^# #.
.........#.#.#.##'.#, #...(.# #.
.........#.#.##...##,* #.....# ##
####.###.#..#.#####.# #.....# #.
#.## .##.##.....# ##...### ## #.
*..##.#######.##....# # #.#
#..##.......##.(##.#
####.###.#..##'######....#.#
........#*#...........##.#.######


There were no monsters in sight!

Vanquished Creatures
  4 orbs of fire
  5 ancient liches (Zot:5)
  Sojobo (Vaults:2)
  Boris (thrice) (Vaults:3 Depths:4)
  Saint Roka (Depths:3)
  A shard shrike (Zot:2)
  A Killer Klown (Zot:5)
  A curse toe (Zot:5)
  13 golden dragons
  Jory (Depths:3)
  A bone dragon (Vaults:2)
  4 electric golems
  A hellephant (Zot:2)
  3 liches
  11 tentacled monstrosities
  24 Orb Guardians
  2 deep elf master archers (Elf:3)
  7 titans
  A deep elf blademaster (Elf:3)
  4 quicksilver dragons
  A Shadow Fiend (Depths:3)
  An octopode crusher (Depths:1)
  A sphinx (shapeshifter) (Vaults:5)
  4 sphinxes
  16 death cobs
  3 thorn hunters
  11 shadow dragons
  17 storm dragons
  10 tengu reavers
  5 draconian monks
  A balrug (Depths:3)
  7 fire giants
  9 frost giants
  7 draconian knights
  10 deep elf sorcerers
  17 vault wardens
  An iron dragon (Depths:3)
  An orc warlord (Orc:4)
  6 ghost moths
  7 draconian scorchers
  3 emperor scorpions
  6 draconian zealots
  7 draconian shifters
  21 ironheart preservers
  18 very ugly things
  6 draconian annihilators
  4 draconian callers
  5 spriggan defenders (Depths:3)
  A war gargoyle (Vaults:5)
  A vampire knight (Depths:2)
  2 grey draconians (Depths:5)
  6 deep elf demonologists
  6 green draconians
  11 red draconians
  15 black draconians
  3 salamander stormcallers
  13 white draconians
  23 stone giants
  15 mottled draconians
  10 purple draconians
  11 deep elf annihilators
  7 yellow draconians
  A green death (D:8)
  8 deep elf death magi
  14 ettins
  A crystal guardian (Vaults:3)
  16 fire dragons
  A minotaur (Lab)
  A deep elf high priest (Vaults:5)
  13 yaktaur captains
  24 vault guards (Vaults:4)
  14 ice dragons
  7 entropy weavers
  A catoblepas (D:15)
  10 great orbs of eyes
  4 rakshasas
  3 spriggan air magi
  20 hydras
  11 centaur warriors
  5 dancing weapons
  An alligator (shapeshifter) (Vaults:5)
  2 ghost crabs (Swamp:4)
  10 alligators
  A vampire mage (Depths:3)
  18 ogre magi
  13 deep troll shamans
  8 deep troll earth magi
  4 death yaks (Lair:7)
  2 spriggan berserkers
  10 tengu warriors
  2 sun demons (Depths:3)
  3 soul eaters
  3 fire crabs
  2 death drakes
  3 shadow wraiths (Depths:2)
  A salamander mystic (Depths:1)
  4 hell knights
  4 iron trolls
  3 skeletal warriors
  26 deep elf knights
  A giant orange brain (Vaults:2)
  6 unseen horrors
  5 spriggan druids
  4 flayed ghosts
  20 orc knights
  11 ironbrand convokers
  16 swamp dragons
  3 wizards
  8 phantasmal warriors
  2 orange crystal statues (Depths:2)
  5 necromancers
  A spectral hydra (Depths:2)
  15 deep elf summoners
  5 shambling mangroves
  2 lindwurms (Lair:8)
  19 deep trolls
  An anubis guard (shapeshifter) (Vaults:5)
  24 deep elf conjurers
  3 mana vipers (Depths:2)
  18 orb spiders
  A tengu skeleton (Vaults:3)
  A shining eye (shapeshifter) (Vaults:5)
  4 salamanders (Depths:1)
  19 wolf spiders
  A hornet (shapeshifter) (Elf:3)
  26 moths of wrath
  11 hornets
  3 orc sorcerers
  A stone giant zombie (Vaults:1)
  53 ugly things
  2 centaur zombies
  5 cyclopes
  7 griffons
  A fire giant skeleton (Vaults:2)
  14 elephants
  A stone giant skeleton (Vaults:1)
  2 octopodes (shapeshifter)
  2 guardian serpents (shapeshifter) (Vaults:3)
  18 vault sentinels
  A torpor snail (shapeshifter) (Depths:5)
  6 torpor snails
  25 spiny frogs
  A black mamba (shapeshifter) (D:15)
  5 black mambas
  3 human zombies
  10 komodo dragons
  68 yaktaurs
  4 kobold demonologists
  2 fire drakes
  A tormentor (Depths:5)
  9 demonic crawlers
  A yaktaur (shapeshifter) (D:15)
  A hellion (Depths:5)
  A queen bee (Spider:4)
  5 hellwings (Depths:5)
  A yaktaur skeleton (Vaults:3)
  30 two-headed ogres
  A spectral merfolk (Depths:2)
  An anaconda simulacrum (Depths:2)
  6 tengu conjurers
  9 trolls
  14 deep elf priests
  2 two-headed ogres (shapeshifter)
  15 blink frogs
  8 freezing wraiths
  21 jumping spiders
  A raiju (shapeshifter) (Depths:4)
  12 giant leeches
  9 polar bears
  A centaur simulacrum (D:14)
  37 slime creatures
  A slime creature (shapeshifter) (Depths:2)
  A blink frog (shapeshifter) (Vaults:3)
  5 boulder beetles
  8 bog bodies
  4 shadows
  37 redbacks
  4 raiju
  2 tarantellas (shapeshifter)
  5 air elementals
  An ettin skeleton (Vaults:2)
  4 vampires (Depths:2)
  16 tarantellas
  2 ettin zombies
  Sigmund (D:2)
  16 trapdoor spiders
  A salamander simulacrum (Vaults:3)
  48 yaks
  39 deep elf magi
  4 water elementals
  A spriggan (shapeshifter) (Vaults:1)
  12 hippogriffs
  2 hippogriffs (shapeshifter)
  8 spriggans
  19 vampire mosquitoes
  3 wyverns (Depths:5)
  11 wraiths
  A hungry ghost (D:13)
  61 deep elf fighters
  5 chaos spawn
  6 basilisks
  2 basilisks (shapeshifter)
  A human (shapeshifter) (Vaults:2)
  A neqoxec (Depths:5)
  2 steam dragons
  19 wolves
  7 insubstantial wisps (Swamp:3)
  2 hogs
  2 mottled dragons
  A yaktaur simulacrum (Vaults:2)
  A warg (shapeshifter) (Vaults:2)
  18 swamp worms
  4 large abominations (Depths:4)
  20 wargs
  17 water moccasins
  6 porcupines
  12 swamp drakes
  3 small abominations (Depths:4)
  2 spectral spriggans (Depths:2)
  2 spectral trolls (Depths:2)
  21 spiders
  9 hell hounds
  2 hydra simulacra (Zot:2)
  6 sky beasts
  An eye of draining (shapeshifter) (Elf:1)
  Purgy (Sewer)
  6 ice beasts
  35 orc warriors
  13 black bears
  A phantom (D:11)
  7 boggarts
  64 ogres
  A wasp (shapeshifter) (Depths:3)
  2 necrophages
  An orc skeleton (Vaults:2)
  19 wasps
  6 big kobolds
  23 crocodiles
  13 centaurs
  2 eyes of draining (D:13)
  6 brain worms
  14 giant frogs
  2 wyvern zombies
  3 scorpions
  2 wyvern skeletons
  A glowing shapeshifter simulacrum (Vaults:3)
  A merfolk simulacrum (Depths:2)
  2 spectral ogres (Depths:2)
  2 elf zombies
  10 wights
  13 killer bees
  3 spectral nagas (Depths:2)
  A human simulacrum (Vaults:1)
  2 spectral centaurs (Depths:2)
  3 electric eels
  A giant frog zombie (D:13)
  7 centaur skeletons
  7 crimson imps
  2 giant frog skeletons
  6 jellies
  21 hounds
  An iguana (shapeshifter) (Vaults:5)
  29 orc priests
  42 orc wizards
  Natasha (thrice) (D:2)
  10 iguanas
  5 worker ants
  16 sheep
  A hound skeleton (D:9)
  8 gnolls
  A worker ant zombie (D:5)
  11 adders
  83 river rats
  6 shadow imps
  A giant eyeball (Depths:2)
  6 oozes
  An adder skeleton (D:7)
  An adder zombie (D:8)
  18 worms
  A worm (shapeshifter) (Depths:3)
  7 giant geckos
  236 orcs
  7 bats
  A giant cockroach (shapeshifter) (Vaults:5)
  8 giant cockroaches
  10 goblins
  8 hobgoblins
  26 kobolds
  8 quokkas
  2 ball pythons
  A giant gecko skeleton (D:5)
  A giant gecko zombie (D:8)
  9 giant newts
  19 jackals
  A jackal zombie (D:8)
  6 rats
  A briar patch (Swamp:2)
  5 crawling corpses
  7 fungi
  8 plants
2751 creatures vanquished.

Vanquished Creatures (collateral kills)
  Rupert (Lair:7)
  Kirke (D:12)
  The ghost of Rhok the Warrior, an adept HuFi of Ru (Spider:4)
  A frost giant (Vaults:4)
  A vault warden (Vaults:3)
  2 emperor scorpions (Spider:4)
  An ironheart preserver (Vaults:3)
  Snorg (Lair:6)
  2 ogre magi (Orc:4)
  Harold (Lair:1)
  3 death yaks (Lair:1)
  A tengu warrior (D:9)
  Urug (D:11)
  4 deep trolls
  5 hill giants
  An orc knight (Vaults:2)
  A swamp dragon (Swamp:3)
  A griffon (Vaults:3)
  A hornet (Spider:4)
  3 wolf spiders (Spider:4)
  3 cyclopes
  A manticore (D:12)
  Maurice (D:11)
  2 black mambas (Lair:4)
  A spiny frog (shapeshifter) (Vaults:3)
  3 spiny frogs
  A centaur skeleton (D:12)
  9 trolls
  2 komodo dragons
  3 polar bears (Lair:8)
  2 jumping spiders (Spider:4)
  3 blink frogs
  7 two-headed ogres
  A giant leech (Swamp:1)
  A raiju (Lair:8)
  2 bog bodies (Swamp:4)
  2 trapdoor spiders
  A redback (Spider:4)
  A shadow (D:11)
  5 yaks
  5 vampire mosquitoes
  An insubstantial wisp (Swamp:3)
  2 wargs (Lair:8)
  2 water moccasins
  A porcupine (Lair:7)
  A spider (Spider:4)
  A sky beast (D:12)
  3 orc warriors
  A wasp (Spider:4)
  A centaur (D:9)
  3 black bears (Lair:8)
  18 ogres
  2 crocodiles
  A giant frog (D:11)
  A scorpion (D:11)
  2 killer bees (D:11)
  A giant frog zombie (D:11)
  2 wights
  An orc priest (D:11)
  A giant frog skeleton (D:11)
  A jelly (Lair:7)
  An orc wizard (D:10)
  2 iguanas (D:11)
  3 sheep (Lair:8)
  2 river rats (Lair:8)
  4 orcs
  A quokka (D:12)
  A fire vortex (Lair:1)
149 creatures vanquished.

Vanquished Creatures (others)
  Nikola (Spider:4)
  An eldritch tentacle (Zot:5)
  A fire giant (Vaults:5)
  A draconian scorcher (Zot:2)
  A war gargoyle (Vaults:5)
  A draconian caller (Zot:2)
  An ice dragon (Depths:5)
  An orb spider (Spider:4)
  A vault sentinel (Vaults:1)
  3 jumping spiders
  A redback (Spider:4)
  A human (D:15)
  A yak (Lair:5)
  A hell hound (Depths:2)
  An ogre (Vaults:5)
  2 briar patches (Swamp:2)
  A bush (Lair:2)
  64 eldritch tentacle segments (Zot:5)
  A fire vortex (Depths:5)
  A fulminant prism (Depths:5)
  6 fungi
  23 plants
115 creatures vanquished.

Grand Total: 3015 creatures vanquished

Notes
Turn   | Place    | Note
--------------------------------------------------------------
     0 | D:1      | magipi the Deep Dwarf Hunter began the quest for the Orb.
     0 | D:1      | Reached XP level 1. HP: 19/19 MP: 1/1
   187 | D:1      | Reached XP level 2. HP: 23/26 MP: 2/2
   365 | D:1      | Reached skill level 5 in Crossbows
   365 | D:1      | Reached XP level 3. HP: 25/33 MP: 3/3
   968 | D:2      | Noticed Sigmund
   981 | D:2      | Killed Sigmund
   981 | D:2      | Reached skill level 6 in Crossbows
   981 | D:2      | Reached XP level 4. HP: 20/44 MP: 4/4
   981 | D:2      | Reached XP level 5. HP: 22/50 MP: 5/5
  1323 | D:2      | Noticed Natasha
  1326 | D:2      | Killed Natasha
  1846 | D:2      | Noticed Natasha
  1850 | D:2      | Killed Natasha
  1850 | D:2      | Reached XP level 6. HP: 53/57 MP: 6/6
  1890 | D:2      | Noticed Natasha
  1891 | D:2      | Killed Natasha
  2273 | D:3      | Reached skill level 7 in Crossbows
  2528 | D:3      | Found a deep blue altar of Sif Muna.
  2782 | D:4      | Found a stormy altar of Qazlal.
  2793 | D:4      | Found a deep blue altar of Sif Muna.
  2885 | D:4      | Reached skill level 5 in Fighting
  2885 | D:4      | Reached XP level 7. HP: 56/67 MP: 7/7
  2899 | D:4      | Found a burning altar of Makhleb.
  2906 | D:4      | Became a worshipper of Makhleb the Destroyer
  3240 | D:4      | Found a shadowy altar of Dithmenos.
  3272 | D:5      | Entered Level 5 of the Dungeon
  3326 | D:5      | Found a glowing drain.
  3349 | D:5      | Reached * piety under Makhleb
  3445 | Sewer    | Entered a sewer
  3479 | Sewer    | Noticed Purgy
  3491 | Sewer    | Killed Purgy
  3491 | Sewer    | Reached skill level 8 in Crossbows
  3749 | D:4      | Reached XP level 8. HP: 46/76 MP: 7/7
  3871 | D:5      | Reached skill level 1 in Armour
  3908 | D:5      | Reached ** piety under Makhleb
  3936 | D:5      | Found a bloodstained altar of Trog.
  4525 | D:5      | Reached skill level 1 in Axes
  4672 | D:5      | Reached skill level 9 in Crossbows
  4872 | D:6      | Found a sparkling altar of Nemelex Xobeh.
  5127 | D:6      | Found an opulent altar of Gozag.
  5176 | D:6      | Reached *** piety under Makhleb
  5186 | D:6      | Found a staircase to the Ecumenical Temple.
  5360 | D:6      | Gained mutation: You passively map the area around you. [Deep Dwarf growth]
  5360 | D:6      | Reached XP level 9. HP: 82/82 MP: 6/6
  5611 | D:7      | Reached skill level 5 in Dodging
  5770 | D:7      | Found a shattered altar of Ashenzari.
  5823 | D:7      | Found a bloodstained altar of Trog.
  6080 | D:7      | Found a glowing silver altar of Zin.
  6137 | D:7      | Reached **** piety under Makhleb
  6173 | D:7      | Reached skill level 5 in Armour
  6432 | D:8      | Found Oxufaf's Food Boutique.
  6600 | D:8      | Reached skill level 5 in Axes
  6600 | D:8      | Reached skill level 10 in Crossbows
  6600 | D:8      | Reached skill level 1 in Invocations
  6961 | D:9      | Noticed a centaur skeleton
  6991 | D:9      | Killed a centaur skeleton
  7227 | D:9      | Reached XP level 10. HP: 91/91 MP: 9/9
  7371 | D:9      | Found a staircase to the Orcish Mines.
  7718 | D:9      | Reached ***** piety under Makhleb
  7857 | D:9      | Reached skill level 1 in Evocations
  7884 | D:9      | Reached skill level 5 in Invocations
  8053 | D:9      | Noticed a tengu warrior
  8053 | D:9      | Noticed a tengu warrior
  8081 | D:9      | Killed a tengu warrior
  8096 | D:9      | Killed a tengu warrior
  8427 | D:10     | Entered Level 10 of the Dungeon
  8730 | D:10     | Found a staircase to the Lair.
  8738 | D:10     | Noticed an elephant
  8784 | D:9      | Killed an elephant
  8816 | D:10     | Reached XP level 11. HP: 97/97 MP: 10/10
  9046 | D:10     | Noticed a hill giant
  9054 | D:10     | Killed a hill giant
  9095 | D:10     | Reached skill level 5 in Evocations
  9887 | D:11     | Noticed Maurice
  9892 | D:11     | Killed Maurice
  9915 | D:11     | Noticed Urug
  9936 | D:11     | Killed Urug
  9956 | D:11     | Found a sparkling altar of Nemelex Xobeh.
 10758 | D:12     | Noticed Kirke
 10919 | Lair:1   | Entered Level 1 of the Lair of Beasts
 11014 | Lair:1   | Got a pair of translucent gloves
 11025 | Lair:1   | Identified the cursed +0 pair of gloves of the Fifty Suns {Str+6 Int-4 SInv} (You found it on level 1 of the Lair of Beasts)
 11242 | Lair:1   | Reached ****** piety under Makhleb
 11244 | Lair:1   | Noticed Harold
 11251 | Lair:1   | Killed Harold
 11274 | Lair:1   | Noticed a death yak
 11275 | Lair:1   | Noticed a death yak
 11275 | Lair:1   | Noticed a death yak
 11279 | Lair:1   | Killed a death yak
 11284 | Lair:1   | Killed a death yak
 11287 | Lair:1   | Killed a death yak
 11309 | Lair:1   | You fall through a shaft!
 11334 | Lair:2   | Reached XP level 12. HP: 105/105 MP: 13/13
 11947 | Lair:1   | Reached skill level 10 in Invocations
 12157 | Lair:2   | Learned a level 1 spell: Apportation
 12160 | Lair:2   | Learned a level 2 spell: Blink
 12248 | Lair:2   | Got a heavily runed leather armour
 12249 | Lair:2   | Identified the +3 leather armour "Oqafoll" {+Fly Regen+ Str-5 Slay+5} (You found it on level 2 of the Lair of Beasts)
 12311 | Lair:2   | Reached skill level 1 in Spellcasting
 12416 | Lair:2   | Noticed a five-headed hydra
 12430 | Lair:2   | Killed a five-headed hydra
 12430 | Lair:2   | Reached skill level 10 in Armour
 12430 | Lair:2   | Reached skill level 1 in Translocations
 12476 | Lair:2   | Reached skill level 10 in Axes
 12570 | Lair:3   | Found a staircase to the Swamp.
 13856 | Lair:4   | Reached skill level 11 in Invocations
 13877 | Lair:4   | Found a bloodstained altar of Trog.
 14141 | Lair:5   | Reached XP level 13. HP: 111/111 MP: 14/14
 14182 | Lair:5   | Reached skill level 10 in Evocations
 14726 | Lair:5   | Noticed a six-headed hydra
 14735 | Lair:5   | Killed a six-headed hydra
 15303 | Lair:6   | Reached skill level 5 in Translocations
 15399 | Lair:6   | Found a hole to the Spider Nest.
 15475 | Lair:6   | Noticed Snorg
 15949 | Lair:6   | Killed Snorg
 16205 | Lair:7   | Noticed Rupert
 16262 | Lair:7   | Killed Rupert
 16339 | Lair:7   | Found a staircase to the Slime Pits.
 16492 | Lair:7   | Learned a level 2 spell: Repel Missiles
 16706 | Lair:7   | Reached skill level 1 in Charms
 16784 | Lair:7   | Reached skill level 1 in Air Magic
 16812 | Lair:7   | Reached skill level 12 in Axes
 16911 | Lair:8   | Entered Level 8 of the Lair of Beasts
 16974 | Lair:8   | Gained mutation: You resist negative energy. [Deep Dwarf growth]
 16974 | Lair:8   | Reached XP level 14. HP: 116/120 MP: 14/14
 17253 | Lair:8   | Found a runed door.
 17289 | Lair:8   | HP: 5/120 [lindwurm/blast of flame (37)]
 17704 | Lair:8   | Identified a +4 rod of shadows (14/14) (You found it on level 8 of the Lair of Beasts)
 18305 | Lair:8   | Reached skill level 13 in Evocations
 18472 | D:9      | Got a translucent hand axe
 18473 | D:9      | Identified the +2 hand axe of Dithmenos's Supremacy {antimagic, *Rage rElec Dex+4} (You found it on level 9 of the Dungeon)
 18833 | D:12     | Killed Kirke
 18895 | D:12     | Noticed a hill giant
 18904 | D:12     | Killed a hill giant
 18910 | D:12     | Found an opulent altar of Gozag.
 18927 | D:12     | Got a faintly humming ring mail
 18928 | D:12     | Identified the +1 ring mail of a treasure trove {rPois Str+2 Dex+3} (You found it on level 12 of the Dungeon)
 19016 | D:12     | Noticed a hill giant
 19026 | D:12     | Killed a hill giant
 19346 | Orc:1    | Entered Level 1 of the Orcish Mines
 19762 | Orc:2    | Found Bithrock's Weapon Boutique.
 20253 | Orc:1    | Found a burning altar of Makhleb.
 20700 | Orc:3    | Found a staircase to the Elven Halls.
 21045 | Orc:4    | Entered Level 4 of the Orcish Mines
 21054 | Orc:4    | Found a labyrinth entrance.
 21129 | Orc:4    | Noticed an orc warlord
 21179 | Orc:4    | Killed an orc warlord
 21207 | Lab      | Entered a labyrinth
 21904 | Orc:4    | Reached XP level 15. HP: 105/126 MP: 16/16
 21939 | Orc:4    | Found Siediec's Food Boutique.
 21945 | Orc:4    | Found Hynint's Food Boutique.
 21950 | Orc:4    | Reached skill level 5 in Charms
 21957 | Orc:4    | Found Musuc's Armour Emporium.
 22007 | Orc:4    | Found Feqirel's Assorted Antiques.
 23211 | D:14     | Reached skill level 14 in Evocations
 23340 | D:14     | Found Kicyokam's Armour Boutique.
 23969 | D:14     | Reached skill level 5 in Air Magic
 24148 | D:14     | Got a pitted platinum ring
 24149 | D:14     | Identified the ring of Lolixits {rElec Str-4 Int+2 SInv} (You took it off a big kobold on level 14 of the Dungeon)
 24224 | D:14     | Found a gate to the Vaults.
 24347 | D:15     | Entered Level 15 of the Dungeon
 24531 | D:15     | Found a staircase to the Depths.
 25854 | Spider:1 | Entered Level 1 of the Spider Nest
 26940 | Spider:2 | Reached XP level 16. HP: 120/133 MP: 16/16
 27726 | Spider:3 | Reached skill level 15 in Evocations
 28601 | Spider:4 | Entered Level 4 of the Spider Nest
 28633 | Spider:4 | Got an encrusted scale mail
 28638 | Spider:4 | Identified the +0 scale mail of Recrient {-Cast Str+8 Int+3 Dex-4} (You found it on level 4 of the Spider Nest)
 28821 | Spider:4 | Noticed Nikola
 28856 | Spider:4 | Killed Nikola
 29062 | Spider:4 | Reached skill level 5 in Spellcasting
 29155 | Spider:4 | Noticed Rhok's ghost (adept HuFi)
 29200 | Spider:4 | Killed Rhok's ghost
 29948 | Spider:4 | Got a gossamer rune of Zot
 30249 | Swamp:1  | Entered Level 1 of the Swamp
 30370 | Swamp:1  | Reached skill level 15 in Axes
 30621 | Swamp:1  | Reached XP level 17. HP: 140/140 MP: 17/17
 32243 | Swamp:4  | Entered Level 4 of the Swamp
 32291 | Swamp:4  | Noticed a tentacled monstrosity
 32300 | Swamp:4  | Killed a tentacled monstrosity
 32579 | Swamp:4  | Reached skill level 16 in Axes
 33110 | Swamp:4  | Got a pair of faintly glowing boots
 33111 | Swamp:4  | Identified the +2 pair of boots of Fun and Games {rCorr MP+9 Dex-5} (You found it on level 4 of the Swamp)
 33130 | Swamp:4  | Got a decaying rune of Zot
 33541 | Vaults:1 | Entered Level 1 of the Vaults
 33947 | Vaults:1 | Gained mutation: You passively map a large area around you. [Deep Dwarf growth]
 33947 | Vaults:1 | Reached XP level 18. HP: 154/154 MP: 17/17
 34296 | Vaults:1 | Paralysed by a hornet for 3 turns
 34575 | Vaults:1 | Reached skill level 10 in Translocations
 35277 | Vaults:2 | Noticed a bone dragon
 35305 | Vaults:2 | Killed a bone dragon
 35323 | Vaults:2 | Found a staircase to the Crypt.
 35944 | Vaults:2 | Found a portal to a secret trove of treasure.
 35993 | Vaults:2 | Reached skill level 15 in Crossbows
 36308 | Vaults:2 | Reached skill level 10 in Fighting
 36460 | Vaults:2 | Noticed Sojobo
 36492 | Vaults:2 | Killed Sojobo
 37565 | Vaults:3 | Reached XP level 19. HP: 170/170 MP: 14/14
 37732 | Vaults:3 | Reached XP level 20. HP: 180/180 MP: 15/15
 37733 | Vaults:3 | Reached skill level 10 in Dodging
 37733 | Vaults:3 | Reached XP level 21. HP: 187/187 MP: 16/16
 38697 | Vaults:3 | Noticed Boris
 38707 | Vaults:3 | Killed Boris
 38725 | Vaults:3 | Found Mahuipeu's Antique Weapon Shop.
 38728 | Vaults:3 | Bought a warped arbalest for 199 gold pieces
 38731 | Vaults:3 | Identified the +9 arbalest "Plog" {velocity, *Corrode rN++ Int+5} (You bought it in a shop on level 3 of the Vaults)
 39140 | Vaults:4 | Found a flickering gateway to a bazaar.
 39175 | Bazaar   | Entered a bazaar
 39195 | Bazaar   | Found Koawuunn's Distillery.
 39249 | Bazaar   | Found Buarut's Book Shoppe.
 39273 | Bazaar   | Found Ihivus's Weapon Emporium.
 39293 | Bazaar   | Found Net Nost's Magic Scroll Shoppe.
 39334 | Bazaar   | Found Nagywia's Antique Armour Shoppe.
 39339 | Bazaar   | Bought a crude chain mail for 190 gold pieces
 39339 | Bazaar   | Bought a faintly humming chain mail for 190 gold pieces
 39340 | Bazaar   | Identified the +1 chain mail of Imaozit {-Cast rCorr Str+8} (You bought it in a shop in a bazaar)
 39342 | Bazaar   | Identified the cursed +1 chain mail "Apafeven" {Stlth+} (You bought it in a shop in a bazaar)
 39355 | Bazaar   | Bought a potion of might for 68 gold pieces
 39355 | Bazaar   | Bought a potion of resistance for 170 gold pieces
 39355 | Bazaar   | Bought a potion of haste for 170 gold pieces
 39355 | Bazaar   | Bought a potion of curing for 51 gold pieces
 39412 | Bazaar   | Bought a scroll of enchant armour for 67 gold pieces
 39412 | Bazaar   | Bought a scroll of fog for 18 gold pieces
 39412 | Bazaar   | Bought a scroll of identify for 18 gold pieces
 39412 | Bazaar   | Bought a scroll of fog for 18 gold pieces
 39412 | Bazaar   | Bought a scroll of fog for 18 gold pieces
 39412 | Bazaar   | Bought a scroll of identify for 18 gold pieces
 39669 | Vaults:4 | Reached skill level 17 in Crossbows
 41093 | Depths:1 | Entered Level 1 of the Depths
 41376 | Depths:1 | Reached skill level 18 in Crossbows
 42141 | Elf:1    | Entered Level 1 of the Elven Halls
 42414 | Elf:1    | Reached XP level 22. HP: 204/204 MP: 15/15
 43704 | Elf:2    | Identified a scroll of acquirement
 43781 | Elf:2    | Found a runed gate.
 43781 | Elf:2    | Found a runed gate.
 43782 | Elf:2    | Found a runed gate.
 44159 | Elf:3    | Entered Level 3 of the Elven Halls
 44849 | Elf:3    | Found Asijaps's Antique Armour Emporium.
 45540 | Elf:3    | Got a flickering pewter ring
 45541 | Elf:3    | Identified the ring "Ifoih" {SustAt MR- Dex+6} (You took it off a deep elf sorcerer on level 3 of the Elven Halls)
 45577 | Elf:3    | Learned a level 6 spell: Haste
 45765 | Elf:3    | Identified the Grimoire of the Pure Mice (You found it on level 3 of the Elven Halls)
 45770 | Elf:3    | Identified the Papyrus of Displaced Snow
 46540 | Depths:1 | Found a gateway to Hell.
 46813 | Depths:2 | Reached skill level 15 in Fighting
 47186 | Depths:3 | Found Iraap's Antique Weapon Shop.
 47425 | Depths:3 | Noticed Saint Roka
 47461 | Depths:3 | Killed Saint Roka
 47461 | Depths:3 | Reached XP level 23. HP: 196/216 MP: 15/15
 47596 | Depths:3 | Reached skill level 10 in Charms
 47789 | Depths:3 | Got a sparkling granite ring
 47790 | Depths:3 | Identified the ring "Jacviett" {+Inv rF- Int+3 Stlth+} (You found it on level 3 of the Depths)
 47797 | Depths:3 | Got a steaming brass ring
 47798 | Depths:3 | Identified the ring "Alysh" {EV+1 Str+6} (You found it on level 3 of the Depths)
 47996 | Depths:3 | Found a gateway to a ziggurat.
 48111 | Depths:3 | Found a one-way gate leading to the halls of Pandemonium.
 48572 | Depths:3 | Found a one-way gate to the infinite horrors of the Abyss.
 50522 | Depths:4 | Noticed Jory
 50533 | Depths:3 | Killed Jory
 51409 | Depths:4 | Noticed Boris
 51419 | Depths:4 | Killed Boris
 51419 | Depths:4 | Reached XP level 24. HP: 229/229 MP: 15/15
 51750 | Depths:4 | Reached skill level 10 in Spellcasting
 52231 | Depths:5 | Entered Level 5 of the Depths
 52385 | Depths:5 | Noticed Boris
 52948 | Depths:4 | Killed Boris
 54105 | Depths:5 | Found a gate to the Realm of Zot.
 54437 | Vaults:5 | Entered Level 5 of the Vaults
 54896 | Vaults:5 | Reached skill level 15 in Charms
 55039 | Vaults:5 | Gained mutation: You are partially covered in large bone plates (AC +2, SH +2). [a shining eye]
 55121 | Vaults:5 | Reached XP level 25. HP: 116/241 MP: 11/11
 55330 | Vaults:5 | Identified the Handbook of Earthen Protection
 55339 | Vaults:5 | Got a clouded marble ring
 55340 | Vaults:5 | Identified the ring of Zurecuam {rPois rN++ MP+9 Str+4 Slay-6} (You found it on level 5 of the Vaults)
 55887 | Vaults:5 | Found Gyplib's Antique Armour Shop.
 55891 | Vaults:5 | Bought a pair of ancient gloves for 342 gold pieces
 55891 | Vaults:5 | Identified the +0 pair of gloves of the Eight Boll Weevils {Str-5 Int+2 Dex+4 SInv} (You bought it in a shop on level 5 of the Vaults)
 57021 | Vaults:5 | Got a silver rune of Zot
 57619 | Vaults:5 | Got a fine chain mail
 57620 | Vaults:5 | Identified the cursed +1 chain mail of Veg Weusk {rPois rF+ rCorr} (You took it off a vault warden on level 5 of the Vaults)
 58734 | Zot:1    | Entered Level 1 of the Realm of Zot
 61228 | Zot:1    | Reached XP level 26. HP: 180/253 MP: 9/9
 65143 | Zot:2    | Reached skill level 19 in Charms
 65354 | Zot:2    | Reached skill level 15 in Translocations
 65832 | Zot:3    | Reached XP level 27. HP: 221/260 MP: 8/8
 65935 | Zot:3    | Reached skill level 20 in Charms
 67294 | Zot:4    | Reached skill level 21 in Charms
 67702 | Zot:4    | Noticed an orb of fire
 67704 | Zot:4    | Gained mutation: Scrolls take you a little longer to read. [an orb of fire]
 67717 | Zot:4    | Killed an orb of fire
 67874 | Zot:5    | Entered Level 5 of the Realm of Zot
 68589 | Zot:5    | Reached skill level 22 in Charms
 68645 | Zot:5    | Noticed an ancient lich
 68654 | Zot:5    | Killed an ancient lich
 68742 | Zot:5    | Noticed an orb of fire
 68748 | Zot:5    | Noticed an ancient lich
 68757 | Zot:5    | Killed an orb of fire
 68815 | Zot:5    | Killed an ancient lich
 68833 | Zot:5    | Noticed an ancient lich
 68846 | Zot:5    | Killed an ancient lich
 68915 | Zot:5    | Reached skill level 23 in Charms
 69449 | Spider:2 | Lost mutation: You are partially covered in large bone plates (AC +2, SH +2). [potion of cure mutation]
 69449 | Spider:2 | Lost mutation: Scrolls take you a little longer to read. [potion of cure mutation]
 69940 | Vaults:2 | You paid a toll of 14 potions of curing to enter a treasure trove
 69941 | Trove    | Entered a treasure trove
 70526 | Zot:5    | Noticed an orb of fire
 70530 | Zot:5    | Gained mutation: You are partially covered in large bone plates (AC +2, SH +2). [an orb of fire]
 70536 | Zot:5    | Killed an orb of fire
 70607 | Zot:5    | Noticed an orb of fire
 70617 | Zot:5    | Killed an orb of fire
 70731 | Zot:5    | Noticed an ancient lich
 70742 | Zot:5    | Killed an ancient lich
 70813 | Zot:5    | Got the Orb of Zot
 70850 | Zot:5    | Noticed an ancient lich
 70857 | Zot:5    | Killed an ancient lich
 70938 | Zot:1    | Noticed Wammisho the pandemonium lord
 71070 | Depths:5 | Noticed Xulel the pandemonium lord
 71461 | D:$      | Escaped with the Orb!

Action                   |  1- 3 |  4- 6 |  7- 9 | 10-12 | 13-15 | 16-18 | 19-21 | 22-24 | 25-27 || total
-------------------------+-------+-------+-------+-------+-------+-------+-------+-------+-------++-------
Melee: Short sword       |     3 |     3 |       |       |       |       |       |       |       ||     6
       Hand axe          |       |    88 |   427 |   294 |       |       |       |       |       ||   809
       Hand crossbow     |       |     8 |       |       |       |       |       |       |       ||     8
       Broad axe         |       |       |       |   133 |       |       |       |       |       ||   133
       War axe           |       |       |       |   329 |  1400 |   832 |    76 |   289 |   145 ||  3071
 Fire: Hand crossbow     |   104 |    69 |   174 |   304 |    53 |       |       |       |       ||   704
       Blowgun           |       |       |       |    14 |       |       |       |       |       ||    14
       Arbalest          |       |       |       |       |    99 |   870 |   603 |  1788 |  2013 ||  5373
Throw: Throwing net      |       |       |       |       |       |       |       |       |     1 ||     1
 Cast: Apportation       |       |       |       |       |       |     5 |       |     1 |       ||     6
       Repel Missiles    |       |       |       |       |       |     1 |       |     8 |     5 ||    14
       Blink             |       |       |       |       |       |       |       |       |     9 ||     9
Invok: Lesser Servant of |       |       |       |    18 |    20 |     9 |       |     3 |     1 ||    51
       Greater Servant o |       |       |       |     1 |     7 |     7 |     1 |     4 |     2 ||    22
 Abil: Device Recharging |       |       |     3 |     4 |     4 |     5 |     2 |     9 |     9 ||    36
       Evoke Flight      |       |       |       |       |       |       |       |     3 |       ||     3
       Stop Flying       |       |       |       |       |       |       |       |     2 |       ||     2
Evoke: Wand              |       |     5 |    21 |    36 |    40 |    43 |    16 |    47 |    68 ||   276
       Box of beasts     |       |       |       |       |       |     4 |     1 |       |       ||     5
       Lamp of fire      |       |       |       |       |       |       |       |     2 |     1 ||     3
       Phantom mirror    |       |       |       |       |       |       |       |       |     1 ||     1
  Use: Scroll            |     2 |    10 |    10 |    10 |    22 |    12 |     5 |    13 |    22 ||   106
       Potion            |       |       |     4 |     1 |     9 |     4 |     3 |     8 |     8 ||    37
 Stab: Sleeping          |       |       |     2 |     5 |     7 |       |       |       |       ||    14
       Distracted        |       |       |       |     4 |     4 |     2 |       |       |     1 ||    11
       Confused          |       |       |       |       |    16 |       |       |       |       ||    16
  Eat: Chunk             |       |     6 |    11 |    10 |    14 |     3 |     7 |     8 |     4 ||    63
       Beef jerky        |       |       |     2 |     2 |     1 |       |     2 |     8 |     5 ||    20
       Pizza             |       |       |     1 |     2 |     3 |     1 |       |     1 |     2 ||    10
       Royal jelly       |       |       |       |     4 |    10 |     2 |       |       |     3 ||    19
       Fruit             |       |       |       |     2 |     6 |       |       |     2 |     4 ||    14
       Bread ration      |       |       |       |       |       |     4 |       |     2 |    11 ||    17
       Meat ration       |       |       |       |       |       |     2 |     1 |     2 |    12 ||    17
